 Dungeon Crawl Stone Soup version 0.22.1-2-g9c5b331 (webtiles) character file.

7599 Lilu the Spear-Bearer (level 11, -1/86 HPs)
             Began as a Merfolk Gladiator on Nov 13, 2018.
             Was an Elder of Okawaru.
             Slain by a four-headed hydra (14 damage)
             ... on level 8 of the Dungeon on Nov 14, 2018.
             The game lasted 00:57:06 (13892 turns).

Lilu the Spear-Bearer (Merfolk Gladiator)          Turns: 13892, Time: 00:57:07

Health: -1/86      AC:  9    Str: 24    XL:     11   Next: 17%
Magic:  14/14      EV: 16    Int:  8    God:    Okawaru [****..]
Gold:   549        SH: 14    Dex: 15    Spells: 10/10 levels left

rFire    . . .     SeeInvis .   v - +0 blowgun
rCold    . . .     Gourm    .   E - +2 shield
rNeg     . . .     Faith    .   b - +0 leather armour
rPois    .         Spirit   .   G - +0 helmet
rElec    .         Reflect  .   h - +0 cloak
rCorr    +         Harm     .   e - +2 pair of gloves
MR       .....                  A - +0 pair of boots
Stlth    +.........             (no amulet)
HPRegen  0.24/turn              D - ring of resist corrosion
MPRegen  0.14/turn              u - +6 ring of strength

@: no status effects
A: change form in water, swift swim, stealthy swim
a: Heroism, Renounce Religion


You were on level 8 of the Dungeon.
You worshipped Okawaru.
Okawaru was greatly pleased with you.
You were not hungry.

You visited 3 branches of the dungeon, and saw 11 of its levels.

You collected 549 gold pieces.

Inventory:

Hand Weapons
 v - a +0 blowgun (weapon)
 J - the +5 spear of Famine {pain, +Fly rPois}
   (You took it off an orc on level 7 of the Dungeon)

   In the hands of one skilled in necromantic magic, it inflicts extra damage on
   living creatures.
   It protects you from poison.
   It lets you fly.
 K - a +1 halberd of protection
Missiles
 d - 4 throwing nets
 o - an exploding tomahawk
 x - 59 poisoned needles
 O - 8 curare-tipped needles (quivered)
 R - 2 javelins
 S - 2 needles of confusion
Armour
 b - a +0 leather armour (worn)
 e - a +2 pair of gloves (worn)
 h - a +0 cloak (worn)
 A - a +0 pair of boots (worn)
 E - a +2 shield (worn)
 G - a +0 helmet (worn)
 Q - a scarf of cloud immunity
Magical Staves
 C - an uncursed staff of fire
Jewellery
 u - a +6 ring of strength (right hand)
 D - a ring of resist corrosion (left hand)
 L - an uncursed ring of wizardry
Wands
 a - a wand of polymorph (16)
 c - a wand of enslavement (19)
 M - a wand of paralysis (6)
Scrolls
 g - a scroll of enchant weapon {unknown}
 m - 3 scrolls of enchant armour
 p - a scroll of fog
 q - 7 scrolls of fear
 s - a scroll of identify
 t - 5 scrolls of teleportation
 w - 4 scrolls of remove curse
 y - 6 scrolls of amnesia
 P - 2 scrolls of magic mapping
Potions
 i - a potion of might
 j - a potion of curing
 k - 3 potions of haste
 l - 2 potions of invisibility
 n - 2 potions of cancellation
 r - 2 potions of heal wounds
 z - a potion of berserk rage
 B - 3 potions of agility
 F - a potion of lignification
 H - 3 potions of flight
 I - 2 potions of brilliance
 N - a potion of mutation
 T - a potion of ambrosia {unknown}
Comestibles
 f - 11 rations


   Skills:
 - Level 8.0 Fighting
 - Level 13.2 Polearms
 + Level 3.6 Throwing
 - Level 8.0 Dodging
 * Level 9.6 Shields
 + Level 5.0 Invocations


You had 10 spell levels left.
You didn't know any spells.
Your spell library contained the following spells:

 Spells                   Type           Power        Failure   Level  Hunger
 Magic Dart               Conj           #...         69%         1    ##.....
 Bolt of Magma            Conj/Fire/Erth #.........   100%        5    ######.
 Iskenderun's Battlesphe  Conj/Chrm      #.......     100%        5    ######.
 Venom Bolt               Conj/Pois      #.........   100%        5    ######.
 Iron Shot                Conj/Erth      #.........   100%        6    #######
 Orb of Destruction       Conj           #.........   100%        7    #######
 Spellforged Servitor     Conj/Summ      #.........   100%        7    #######


Dungeon Overview and Level Annotations

Branches:
Dungeon (9/15)             Temple (1/1) D:6            Lair (1/6) D:8
    Orc: D:9-12

Altars:
Ashenzari
Cheibriados
Dithmenos
Elyvilon
Fedhas
Gozag
Hepliaklqana
Kikubaaqudgha
Makhleb
Nemelex Xobeh
Okawaru
Qazlal
Ru
Sif Muna
Trog
Uskayaw
Vehumet
Wu Jian
Xom
Yredelemnul
Zin
The Shining One

Shops:
D:4 =   D:5 *}   D:9 [

Annotations:
Lair:1 Gastronok


Message History

You see here a fustibalus.
There is a stone staircase leading down here.
Items here: )) [[ a robe; a war axe; a ring mail; a morningstar You block the four-headed hydra's attack. x2
The four-headed hydra bites you!
* * * LOW HITPOINT WARNING * * *
You block the four-headed hydra's attack.
The four-headed hydra barely misses you.
The four-headed hydra bites you!
* * * LOW HITPOINT WARNING * * *
You block the four-headed hydra's attack.
The four-headed hydra misses you.
Items here: )) [[ a robe; a war axe; a ring mail; a morningstar You block the four-headed hydra's attack.
The four-headed hydra bites you but does no damage.
You block the four-headed hydra's attack.
The four-headed hydra bites you!
You die...

### ##........###.#.#. #.##
##.......#.##...... ##[.#
##........#..##.#.#< #.[.#
#.......####.#...... #[).##
##......####.>.#.#.#. #....#
#....#####...##......
#....##########...#####.#.#.
#.....# ###..#### #...#.
#.....#####@.### ##....
#......#.[D### #....
#........### ##...
#......### #..# ###....#
#### ##...## # #...## #...#
#.###


You could see a four-headed hydra.

Vanquished Creatures
  A spiny frog (Lair:1)
  A hornet (D:9)
  2 hippogriffs
  Sigmund (D:2)
  5 yaks
  Grum (D:8)
  A water moccasin (D:8)
  4 porcupines (D:8)
  2 orc warriors (D:9)
  3 ice beasts
  4 sky beasts
  2 phantoms
  An eye of draining (D:3)
  2 ogres
  2 centaurs
  A necrophage (D:8)
  3 wolves (D:8)
  4 crocodiles
  7 big kobolds
  7 bullfrogs
  A gnoll sergeant (D:6)
  3 scorpions
  9 killer bees (D:8)
  6 wights
  A howler monkey (D:4)
  3 crimson imps
  3 bullfrog zombies
  A quasit (D:6)
  3 hounds
  3 jellies
  5 orc priests
  2 bullfrog skeletons
  8 orc wizards
  4 worker ants
  Ijyb (D:5)
  2 iguanas
  A hound zombie (D:6)
  A worker ant zombie (D:8)
  Robin (D:4)
  10 gnolls
  7 adders
  A howler monkey skeleton (D:6)
  2 shadow imps
  An adder skeleton (D:8)
  2 worms
  2 dart slugs
  6 leopard geckos
  35 orcs
  2 ball pythons
  5 giant cockroaches
  24 goblins
  13 hobgoblins
  12 jackals
  53 kobolds
  3 quokkas
  8 bats
  2 frilled lizards
  A jackal skeleton (D:5)
  A quokka zombie (D:7)
  12 rats
314 creatures vanquished.

Vanquished Creatures (others)
  An orc (D:8)
  A bush (D:8)
  2 fungi (D:8)
  15 plants
19 creatures vanquished.

Grand Total: 333 creatures vanquished

Notes
Turn   | Place    | Note
-------+----------+-------------------------------------------
     0 | D:1      | Lilu the Merfolk Gladiator began the quest for the Orb.
     0 | D:1      | Reached XP level 1. HP: 16/16 MP: 1/1
   225 | D:1      | Reached XP level 2. HP: 23/23 MP: 2/2
   601 | D:1      | Reached XP level 3. HP: 28/28 MP: 3/3
   990 | D:1      | Reached skill level 5 in Polearms
  1232 | D:2      | Noticed Sigmund
  1640 | D:2      | Killed Sigmund
  1640 | D:2      | Reached skill level 5 in Dodging
  1640 | D:2      | Reached XP level 4. HP: 12/36 MP: 4/4
  1640 | D:2      | Reached XP level 5. HP: 14/41 MP: 5/5
  1975 | D:2      | Reached XP level 6. HP: 43/48 MP: 6/6
  1981 | D:2      | Reached skill level 6 in Polearms
  2943 | D:3      | Found a bloodstained altar of Trog.
  2944 | D:3      | Noticed an eye of draining
  2957 | D:3      | Killed an eye of draining
  3467 | D:4      | Noticed a phantom
  3474 | D:4      | Reached skill level 7 in Polearms
  3499 | D:4      | Killed a phantom
  3499 | D:4      | Reached skill level 1 in Shields
  3499 | D:4      | Reached XP level 7. HP: 47/55 MP: 7/7
  3711 | D:4      | Reached skill level 8 in Polearms
  3736 | D:4      | Noticed Robin
  3761 | D:4      | Killed Robin
  3816 | D:4      | Reached skill level 5 in Fighting
  4140 | D:4      | Found a snail-covered altar of Cheibriados.
  4159 | D:4      | Found Eseittik's Jewellery Emporium.
  4292 | D:4      | Reached XP level 8. HP: 58/62 MP: 8/8
  4511 | D:5      | Entered Level 5 of the Dungeon
  4643 | D:4      | Reached skill level 9 in Polearms
  5190 | D:5      | Found Ucunwac's Gadget Boutique.
  5340 | D:5      | Noticed Ijyb
  5341 | D:5      | Found Ymutot's Elemental Accessories.
  5348 | D:5      | Paralysed by Ijyb for 2 turns
  5351 | D:5      | Paralysed by Ijyb for 4 turns
  5365 | D:5      | Paralysed by Ijyb for 3 turns
  5372 | D:5      | Killed Ijyb
  5682 | D:5      | Found an ancient bone altar of Kikubaaqudgha.
  5683 | D:5      | Found a radiant altar of Vehumet.
  5684 | D:5      | Found a deep blue altar of Sif Muna.
  5689 | D:5      | Identified Vehumet's Disquisition on Conjuration
  5777 | D:6      | Found an iron altar of Okawaru.
  5781 | D:6      | Reached skill level 10 in Polearms
  6187 | D:6      | Reached XP level 9. HP: 53/69 MP: 9/9
  6339 | D:6      | Found a sacrificial altar of Ru.
  6397 | D:6      | Found a staircase to the Ecumenical Temple.
  6413 | Temple   | Entered the Ecumenical Temple
  7004 | Temple   | Became a worshipper of Warmaster Okawaru
  7135 | D:6      | Reached skill level 11 in Polearms
  8244 | D:7      | Reached * piety under Okawaru
  8377 | D:7      | Got a faintly glowing spear {pain}
  8378 | D:7      | Identified the +5 spear of Famine {pain, +Fly rPois} (You
                  | took it off an orc on level 7 of the Dungeon)
  8455 | D:7      | Found a glowing golden altar of the Shining One.
  8532 | D:7      | Reached skill level 12 in Polearms
  8532 | D:7      | Reached skill level 5 in Shields
  8557 | D:7      | Found a basalt altar of Yredelemnul.
  8568 | D:7      | Found a shadowy altar of Dithmenos.
  8744 | D:7      | Found a blossoming altar of Fedhas.
  8826 | D:8      | HP: 2/72 [orc priest/divine providence (8)]
  9169 | D:8      | Reached XP level 10. HP: 62/79 MP: 10/10
  9402 | D:8      | Reached ** piety under Okawaru
  9414 | D:8      | Reached skill level 13 in Polearms
 10251 | D:8      | Reached skill level 1 in Invocations
 10531 | D:8      | Noticed Grum
 10557 | D:8      | Killed Grum
 10557 | D:8      | Reached *** piety under Okawaru
 10877 | D:8      | Found a staircase to the Lair.
 11880 | D:9      | Reached **** piety under Okawaru
 11880 | D:9      | Reached XP level 11. HP: 64/86 MP: 14/14
 11963 | D:9      | Found Soph's Antique Armour Shoppe.
 13543 | Lair:1   | Entered Level 1 of the Lair of Beasts
 13589 | Lair:1   | Noticed Gastronok
 13621 | Lair:1   | Reached skill level 5 in Invocations
 13633 | Lair:1   | Noticed a four-headed hydra
 13892 | D:8      | Slain by a four-headed hydra

Skill      XL: |  1  2  3  4  5  6  7  8  9 10 11 |
---------------+----------------------------------+-----
Polearms       | 5 7 8 10 12 13 | 13.2
Fighting       | 3 4 5 6 7 8 |  8.0
Throwing       | 3 |  3.6
Dodging        | 5 6 7 8 |  8.0
Shields        | 1 2 3 5 9 |  9.6
Invocations    | 4 5 |  5.0

Action                   |  1- 3 |  4- 6 |  7- 9 | 10-12 || total
-------------------------+-------+-------+-------+-------++-------
Melee: Trident           |   135 |   203 |   283 |       ||   621
       Tailslap          |       |     3 |     9 |     6 ||    18
       Halberd           |       |       |   278 |       ||   278
       Spear             |       |       |   104 |   533 ||   637
 Fire: Blowgun           |       |       |       |     2 ||     2
Invok: Heroism           |       |       |       |     1 ||     1
  Use: Potion            |       |       |     3 |       ||     3
       Scroll            |       |       |       |    19 ||    19
 Stab: Sleeping          |     4 |     4 |     2 |       ||    10
       Distracted        |       |     1 |       |       ||     1
  Eat: Chunk             |     1 |     4 |    14 |    13 ||    32
       Ration            |       |     1 |     1 |     1 ||     3
Armor: Leather armour    |    27 |    39 |   188 |    57 ||   311
Dodge: Dodged            |    71 |   101 |   460 |   197 ||   829
Block: Shield            |       |       |       |   158 ||   158
